 Dungeon Crawl Stone Soup version 0.27.0-66-gdc8fb28755 (webtiles) character file.

Game seed: 13963746314664752251

109 funkygono the Firebug (level 4, 0/24 HPs)
             Began as a Gargoyle Fire Elementalist on Aug 20, 2021.
             Killed from afar by an orc wizard (12 damage)
             ... with a puff of flame
             ... on level 3 of the Dungeon.
             The game lasted 00:04:31 (2707 turns).

funkygono the Firebug (Gargoyle Fire Elementalist)  Turns: 2707, Time: 00:04:32

Health: 0/24       AC:  8    Str: 11    XL:     4   Next: 89%
Magic:  7/8        EV: 12    Int: 17    God:
Gold:   111        SH:  0    Dex: 10    Spells: 4/8 levels left

rFire    . . .     SeeInvis .   l - +0 whip (vamp)
rCold    . . .     Faith    .   (no shield)
rNeg     + . .     Spirit   .   a - +0 robe
rPois    ∞         Reflect  .   g - +0 helmet
rElec    +         Harm     .   (no cloak)
rCorr    .         Rampage  .   h - +1 pair of gloves
Will     .....                  (no boots)
Stlth    ++........             (no amulet)
HPRegen  0.08/turn              (no ring)
MPRegen  0.11/turn              (no ring)

@: no status effects
A: sickness immunity, AC +3, negative energy resistance 1, electricity
resistance, torment resistance 1, petrification resistance
a: no special abilities


You were on level 3 of the Dungeon.
You visited 1 branch of the dungeon, and saw 3 of its levels.

You collected 111 gold pieces.

Inventory:

Hand Weapons
 l - a +0 vampiric whip (weapon)
Missiles
 b - 108 stones
Armour
 a - a +0 robe (worn)
 g - a +0 helmet (worn)
 h - a +1 pair of gloves (worn)
 i - a +0 tower shield
Potions
 c - 3 potions of berserk rage {unknown}
 d - a potion of attraction {unknown}
 e - a potion of magic {unknown}
 f - a potion of lignification {unknown}
 j - 5 potions of curing {unknown}


   Skills:
 + Level 0.3 Maces & Flails
 + Level 1.8 Dodging
 - Level 2.1 Stealth
 + Level 2.7 Spellcasting
 + Level 2.3 Conjurations
 + Level 4.2 Fire Magic


You had 4 spell levels left.
You knew the following spells:

 Your Spells              Type           Power      Damage    Failure   Level
a - Foxfire               Conj/Fire      52%        2x1d6     4%          1
b - Conjure Flame         Conj/Fire      13%        6-21      14%         3

Your spell library contained the following spells:

 Spells                   Type           Power      Damage    Failure   Level
 Inner Flame              Hex/Fire       9%         N/A       22%         3
 Corpse Rot               Necr/Air       N/A        N/A       26%         2
 Poisonous Vapours        Pois/Air       4%         N/A       26%         2
 Sticky Flame             Conj/Fire      13%        2d4       43%         4
 Fireball                 Conj/Fire      6%         3d5       78%         5
 Freezing Cloud           Conj/Ice/Air   2%         6-21      98%         5


Dungeon Overview and Level Annotations

Branches:
Dungeon (3/15)

Altars:
Hepliaklqana
Makhleb


Innate Abilities, Weirdness & Mutations

You are immune to sickness and miasma.
Your stone body is resilient. (AC +3)
You are immune to poison.
You resist negative energy. (rN+)
You are resistant to electric shocks. (rElec)
You are resistant to unholy torment.
You are immune to petrification.


Message History

The orc is almost dead.
The orc barely misses you.
An orc comes into view. It is wielding a +0 trident.
You closely miss the orc.
The orc is almost dead.
The orc wizard gestures wildly while chanting.
The orc wizard flickers and vanishes!
Deactivating autopickup; reactivate with Ctrl-A.
The orc hits you but does no damage.
You hit the orc.
You feel better.
You kill the orc!
You miss something. Something hits you. The orc closely misses you.
You miss something. Something hits you but does no damage.
The orc hits you but does no damage.
You hear some strange, mumbled words.
A puff of flame appears from out of thin air!
The puff of flame hits you but does no damage.
You closely miss something. The orc closely misses you. Something hits you.
You miss something.
The orc hits you from afar with a +0 trident!
Something hits you but does no damage.
You miss something.
The orc hits you from afar with a +0 trident.
Something hits you but does no damage.
You hit something but do no damage. The orc closely misses you.
Something hits you but does no damage.
You miss something. The orc barely misses you.
Something hits you but does no damage.
You miss something. The orc hits you but does no damage.
Something hits you but does no damage.
You hit something but do no damage. The orc hits you but does no damage.
You hear some strange, mumbled words.
Something tries to affect you, but you resist.
The orc closely misses you.
You hit something.
You feel better.
You hear some strange, mumbled words.
A puff of flame appears from out of thin air!
The puff of flame hits you!
Ouch! That really hurt!
You die...

##.....)##.......#
#.......##.##._..#
#)##.##.##.##....#
#.##.##.##.##..#.#
#.##....##.##.##.#
#.#####.##>......#
#)####.#.##.....##
#.......# #.....#
#######@# #.....#
#{# #.....# #o#
####### #o# ...
##.## #.# #.. ###


You could see 2 orcs.

Vanquished Creatures
  A howler monkey (D:3)
  An adder (D:2)
  4 dart slugs
  2 orcs
  4 endoplasms
  4 giant cockroaches
  7 goblins
  4 hobgoblins
  3 jackals (D:1)
  3 kobolds
  4 quokkas
  2 ball pythons
  5 bats
  6 frilled lizards
  A rat (D:3)
51 creatures vanquished.

Vanquished Creatures (others)
  151 foxfires
151 creatures vanquished.

Grand Total: 202 creatures vanquished

Notes
Turn   | Place    | Note
-------+----------+-------------------------------------------
     0 | D:1      | funkygono the Gargoyle Fire Elementalist began the quest
                  | for the Orb.
     0 | D:1      | Reached XP level 1. HP: 10/10 MP: 3/3
   179 | D:1      | Reached XP level 2. HP: 15/15 MP: 0/5
   566 | D:1      | Found a faded altar of an unknown god.
   671 | D:1      | Reached XP level 3. HP: 19/19 MP: 3/6
   675 | D:1      | Learned a level 3 spell: Conjure Flame
  1809 | D:2      | Reached skill level 4 in Fire Magic
  1818 | D:2      | Reached XP level 4. HP: 24/24 MP: 1/7
  2470 | D:3      | Found a hazy altar of Hepliaklqana.
  2549 | D:3      | Found a burning altar of Makhleb.
  2707 | D:3      | Killed from afar by an orc wizard

Illustrated notes

Levels and vault maps discovered:
D:1:      dpeg_arrival_morbid_curiosity, layout_loops_ring,
          ebering_ecumenical_altar_sacrificial
D:2:      layout_basic, st_stairs_9, minmay_small_reverse_x
D:3:      layout_loops_cross, grunt_dithmenos_smoke, nzn_hepliaklqana_mist_gate,
          bloody_makhleb, kennysheep_generic_room_13

Skill      XL: |  1  2  3  4 |
---------------+-------------+-----
Fire Magic     | 4 |  4.2
Conjurations   | 2 |  2.3
Maces & Flails | |  0.3
Dodging        | |  1.8
Stealth        | |  2.1
Spellcasting   | |  2.7

Action                   |  1- 3 |  4- 6 || total
-------------------------+-------+-------++-------
Melee: Unarmed           |     1 |       ||     1
       Club              |     2 |       ||     2
       Whip              |    14 |    20 ||    34
 Cast: Foxfire           |    63 |    27 ||    90
  Use: Scroll            |     3 |     2 ||     5
 Stab: Sleeping          |       |     1 ||     1
Armor: Robe              |    13 |    11 ||    24
Dodge: Dodged            |    19 |    12 ||    31
